Flames vs Rangers

Created - November 3 2010 at 17:51

Goals
1 2 3 T
Flames 1 1 0 2
Rangers 0 1 0 1
Shots
1 2 3 T
Flames 19 11 6 36
Rangers 4 10 9 23

Period #1

1. Flames , Dan Boyle 3 (Henrik Sedin) at 0:37 (PP)

Penalties :
Mike Weaver (NYR) for Holding (Minor) at 0:33, Evander Kane (NYR) for Holding (Minor) at 12:09, Mark Recchi (NYR) for Roughing (Minor) at 14:18

Period #2

2. Rangers , Scott Gomez 6 (Mike Weaver, Teemu Selanne) at 9:26
3. Flames , Rob Schremp 1 (Jack Johnson, Alex Steen) at 19:55 (PP)

Penalties :
Alex Steen (CGY) for Hooking (Minor) at 1:22, Christoph Schubert (NYR) for Charging (Minor) at 5:32, Josh Gorges (CGY) for Hooking (Minor) at 11:01, Chris Mason (NYR) for Slashing (Minor) at 18:11 - Dan Cleary served the penalty.

Period #3

No Goal

Penalties :
Josh Gorges (CGY) for Hooking (Minor) at 5:44, Dan Cleary (NYR) for High sticking (Minor) at 6:53

Goalie Stats

Evgeni Nabokov (CGY), 22 saves from 23 shots - (0.957), W, 5-5-1, 60:00 minutes
Chris Mason (NYR), 34 saves from 36 shots - (0.944), L, 2-7-0, 59:42 minutes

Players Stats

Flames
Player Name              G  A  P  +/- PIM S  H  SB FO    MP 
------------------------------------------------------------
Alex Steen               0  1  1   0  2   5  0  1  1/3   21 
Dan Boyle                1  0  1  -1  0   2  0  1  0/0   23 
Daniel Sedin             0  0  0  -1  0   10 0  0  0/2   21 
Drew Stafford            0  0  0  -1  0   0  0  0  1/2   13 
Erik Johnson             0  0  0   0  0   2  1  0  0/0   18 
Henrik Sedin             0  1  1  -1  0   6  0  0  14/27 21 
Jack Johnson             0  1  1   0  0   2  1  0  0/0   16 
Josh Gorges              0  0  0   0  4   1  5  0  0/0   18 
Kristopher Letang        0  0  0   0  0   0  3  0  0/0   20 
Marco Sturm              0  0  0   0  0   3  0  0  1/2   23 
Mark Streit              0  0  0  -1  0   0  0  3  0/0   24 
Matt Cullen              0  0  0   0  0   2  4  0  13/32 23 
Maxim Lapierre           0  0  0   0  0   0  1  0  10/24 13 
Mike Fisher              0  0  0   0  0   0  0  0  0/0   4  
Oskars Bartulis          0  0  0   0  0   0  0  0  0/0   1  
Owen Nolan               0  0  0   0  0   1  0  0  2/3   13 
Rob Schremp              1  0  1   0  0   2  2  0  0/0   20 
Rostislav Olesz          0  0  0   0  0   0  0  0  0/0   3  
Rangers
Player Name              G  A  P  +/- PIM S  H  SB FO    MP 
------------------------------------------------------------
Andrei Kostitsyn         0  0  0   0  0   0  0  0  0/0   15 
Andy Sutton              0  0  0   0  0   1  3  0  0/0   15 
Bill Guerin              0  0  0   0  0   1  0  0  1/3   14 
Blair Betts              0  0  0   0  0   1  1  0  10/21 12 
Christoph Schubert       0  0  0   0  2   0  1  3  0/0   17 
Dan Cleary               0  0  0   1  2   2  1  0  1/1   17 
Dustin Penner            0  0  0   0  0   4  0  0  0/2   16 
Evander Kane             0  0  0   0  2   1  3  0  1/1   7  
Gilbert Brule            0  0  0   0  0   1  3  0  8/19  16 
Keith Ballard            0  0  0   0  0   0  3  0  0/0   24 
Lubomir Visnovsky        0  0  0   0  0   0  0  2  0/0   19 
Mark Recchi              0  0  0   0  2   1  0  0  0/2   15 
Mike Weaver              0  1  1   1  2   0  1  3  0/0   19 
Mikko Koivu              0  0  0   0  0   6  1  0  16/21 18 
Patrick OSullivan        0  0  0   0  0   0  0  0  0/0   7  
Scott Gomez              1  0  1   1  0   3  0  0  14/23 20 
Teemu Selanne            0  1  1   1  0   2  0  0  2/2   16 
Trevor Daley             0  0  0   1  0   0  0  3  0/0   23 

3 Stars

1 - Evgeni Nabokov (CGY)
2 - Chris Mason (NYR)
3 - Rob Schremp (CGY)

Power Play

Flames - 2 on 6 Attempt(s) - 33.33%
Rangers - 0 on 3 Attempt(s) - 0.00%

Penalty Kill

Flames - 3 on 3 Attempt(s) - 100.00% - Score 0 goal in Penalty Kill
Rangers - 4 on 6 Attempt(s) - 66.67% - Score 0 goal in Penalty Kill

Game Notes

No Game Note

Finance

Level 1 -- Attendance: 3520 (54.15%) -- Ticket Income $440,000.00
Level 2 -- Attendance: 2898 (57.96%) -- Ticket Income $217,350.00
Level 3 -- Attendance: 1792 (51.20%) -- Ticket Income $89,600.00
Level 4 -- Attendance: 1762 (80.09%) -- Ticket Income $44,050.00
Luxury Box -- Attendance: 587 (58.70%) -- Ticket Income $146,750.00
Game was played at the Madison Square Garden
Total Attendance: 10559 (58.02%)
Total Ticket Income: $1,021,554.00
Other Income: $204,333.00
Total Income: $1,225,887.00


Play by Play

Period #1

0:01 of 1st period - Henrik Sedin wins face-off versus Mikko Koivu in neutral zone.
0:12 of 1st period - Shot by Henrik Sedin.
0:12 of 1st period - Stopped by Chris Mason without a rebound.
0:13 of 1st period - Scott Gomez wins face-off versus Matt Cullen in Rangers zone.
0:33 of 1st period - Minor Penalty to Mike Weaver for Holding.
0:34 of 1st period - Henrik Sedin wins face-off versus Blair Betts in Rangers zone.
0:35 of 1st period - Shot by Dan Boyle.
0:35 of 1st period - Shot Blocked by Trevor Daley.
0:37 of 1st period - Shot by Dan Boyle.
0:37 of 1st period - Goal by Dan Boyle - Flames : 1 - Rangers : 0.
0:38 of 1st period - Mikko Koivu wins face-off versus Henrik Sedin in neutral zone.
0:55 of 1st period - Shot by Henrik Sedin.
0:55 of 1st period - Shot Misses the Net.
0:57 of 1st period - Shot by Daniel Sedin.
0:57 of 1st period - Stopped by Chris Mason with a rebound.
1:04 of 1st period - Off-side.
1:05 of 1st period - Scott Gomez wins face-off versus Matt Cullen in neutral zone.
1:16 of 1st period - Shot by Teemu Selanne.
1:16 of 1st period - Shot Misses the Net.
1:42 of 1st period - Shot by Matt Cullen.
1:42 of 1st period - Stopped by Chris Mason without a rebound.
1:43 of 1st period - Gilbert Brule wins face-off versus Maxim Lapierre in Rangers zone.
1:47 of 1st period - Icing by Christoph Schubert.
1:48 of 1st period - Henrik Sedin wins face-off versus Gilbert Brule in Rangers zone.
1:49 of 1st period - Shot by Daniel Sedin.
1:49 of 1st period - Stopped by Chris Mason without a rebound.
1:50 of 1st period - Henrik Sedin wins face-off versus Bill Guerin in Rangers zone.
1:51 of 1st period - Shot by Daniel Sedin.
1:51 of 1st period - Stopped by Chris Mason with a rebound.
1:53 of 1st period - Shot by Mark Streit.
1:53 of 1st period - Shot Misses the Net.
1:57 of 1st period - Shot by Henrik Sedin.
1:57 of 1st period - Shot Blocked by Lubomir Visnovsky.
1:59 of 1st period - Shot by Dan Boyle.
1:59 of 1st period - Stopped by Chris Mason with a rebound.
2:01 of 1st period - Shot by Marco Sturm.
2:01 of 1st period - Shot Misses the Net.
2:13 of 1st period - Shot by Daniel Sedin.
2:13 of 1st period - Stopped by Chris Mason without a rebound.
2:14 of 1st period - Maxim Lapierre wins face-off versus Mark Recchi in Rangers zone.
2:14 of 1st period - Jack Johnson is hit by Andy Sutton and loses puck.
2:28 of 1st period - Erik Johnson is hit by Gilbert Brule and loses puck.
3:54 of 1st period - Lubomir Visnovsky is hit by Matt Cullen and loses puck.
4:33 of 1st period - Shot by Henrik Sedin.
4:33 of 1st period - Stopped by Chris Mason without a rebound.
4:34 of 1st period - Owen Nolan wins face-off versus Gilbert Brule in Rangers zone.
4:51 of 1st period - Shot by Erik Johnson.
4:51 of 1st period - Stopped by Chris Mason with a rebound.
4:53 of 1st period - Shot by Owen Nolan.
4:53 of 1st period - Stopped by Chris Mason without a rebound.
4:54 of 1st period - Blair Betts wins face-off versus Henrik Sedin in Rangers zone.
5:32 of 1st period - Daniel Sedin is hit by Evander Kane and loses puck.
5:46 of 1st period - Off-side.
5:47 of 1st period - Matt Cullen wins face-off versus Gilbert Brule in neutral zone.
5:49 of 1st period - Kristopher Letang is hit by Gilbert Brule and loses puck.
5:53 of 1st period - Josh Gorges is hit by Christoph Schubert and loses puck.
6:22 of 1st period - Shot by Rob Schremp.
6:22 of 1st period - Stopped by Chris Mason with a rebound.
6:46 of 1st period - Icing by Jack Johnson.
6:47 of 1st period - Scott Gomez wins face-off versus Maxim Lapierre in Flames zone.
7:56 of 1st period - Shot by Mikko Koivu.
7:56 of 1st period - Stopped by Evgeni Nabokov with a rebound.
8:00 of 1st period - Shot by Mikko Koivu.
8:00 of 1st period - Shot Misses the Net.
8:22 of 1st period - Shot by Dustin Penner.
8:22 of 1st period - Deflect By Mikko Koivu.
8:22 of 1st period - Stopped by Evgeni Nabokov without a rebound.
8:23 of 1st period - Matt Cullen wins face-off versus Gilbert Brule in Flames zone.
8:43 of 1st period - Icing by Kristopher Letang.
8:44 of 1st period - Matt Cullen wins face-off versus Blair Betts in Flames zone.
8:46 of 1st period - Icing by Alex Steen.
8:47 of 1st period - Blair Betts wins face-off versus Matt Cullen in Flames zone.
8:53 of 1st period - Patrick OSullivan is hit by Josh Gorges and loses puck.
9:40 of 1st period - Owen Nolan is hit by Gilbert Brule and loses puck.
9:55 of 1st period - Shot by Gilbert Brule.
9:55 of 1st period - Stopped by Evgeni Nabokov without a rebound.
9:56 of 1st period - Mikko Koivu wins face-off versus Henrik Sedin in Flames zone.
10:26 of 1st period - Off-side.
10:27 of 1st period - Matt Cullen wins face-off versus Scott Gomez in neutral zone.
10:47 of 1st period - Mike Weaver is hit by Josh Gorges and loses puck.
12:03 of 1st period - Shot by Mikko Koivu.
12:03 of 1st period - Stopped by Evgeni Nabokov without a rebound.
12:04 of 1st period - Blair Betts wins face-off versus Henrik Sedin in Flames zone.
12:09 of 1st period - Minor Penalty to Evander Kane for Holding.
12:10 of 1st period - Henrik Sedin wins face-off versus Blair Betts in Rangers zone.
12:36 of 1st period - Icing by Mark Streit.
12:37 of 1st period - Henrik Sedin wins face-off versus Mikko Koivu in Flames zone.
14:18 of 1st period - Minor Penalty to Mark Recchi for Roughing.
14:19 of 1st period - Mikko Koivu wins face-off versus Matt Cullen in Rangers zone.
14:45 of 1st period - Shot by Mark Streit.
14:45 of 1st period - Shot Misses the Net.
16:14 of 1st period - Shot by Daniel Sedin.
16:14 of 1st period - Shot Misses the Net.
16:19 of 1st period - Daniel Sedin is hit by Andy Sutton.
16:31 of 1st period - Shot by Henrik Sedin.
16:31 of 1st period - Stopped by Chris Mason with a rebound.
16:33 of 1st period - Shot by Josh Gorges.
16:33 of 1st period - Stopped by Chris Mason without a rebound.
16:34 of 1st period - Maxim Lapierre wins face-off versus Blair Betts in Rangers zone.
16:45 of 1st period - Shot by Marco Sturm.
16:45 of 1st period - Stopped by Chris Mason without a rebound.
16:46 of 1st period - Drew Stafford wins face-off versus Gilbert Brule in Rangers zone.
16:55 of 1st period - Shot by Alex Steen.
16:55 of 1st period - Stopped by Chris Mason without a rebound.
16:56 of 1st period - Bill Guerin wins face-off versus Drew Stafford in Rangers zone.
17:19 of 1st period - Shot by Daniel Sedin.
17:19 of 1st period - Stopped by Chris Mason with a rebound.
17:58 of 1st period - Icing by Dan Cleary.
17:59 of 1st period - Scott Gomez wins face-off versus Maxim Lapierre in Rangers zone.
18:58 of 1st period - Shot by Alex Steen.
18:58 of 1st period - Stopped by Chris Mason without a rebound.
18:59 of 1st period - Matt Cullen wins face-off versus Dustin Penner in Rangers zone.
19:35 of 1st period - Icing by Lubomir Visnovsky.
19:36 of 1st period - Maxim Lapierre wins face-off versus Mikko Koivu in Rangers zone.
19:37 of 1st period - Shot by Jack Johnson.
19:37 of 1st period - Stopped by Chris Mason without a rebound.
19:38 of 1st period - Gilbert Brule wins face-off versus Maxim Lapierre in Rangers zone.
19:56 of 1st period - Shot by Owen Nolan.
19:56 of 1st period - Shot Blocked by Christoph Schubert.

Period #2

0:01 of 2nd period - Marco Sturm wins face-off versus Dustin Penner in neutral zone.
0:38 of 2nd period - Shot by Dustin Penner.
0:38 of 2nd period - Stopped by Evgeni Nabokov without a rebound.
0:39 of 2nd period - Scott Gomez wins face-off versus Matt Cullen in Flames zone.
1:09 of 2nd period - Shot by Dan Cleary.
1:09 of 2nd period - Shot Misses the Net.
1:22 of 2nd period - Minor Penalty to Alex Steen for Hooking.
1:23 of 2nd period - Scott Gomez wins face-off versus Maxim Lapierre in Flames zone.
1:23 of 2nd period - Scott Gomez is hit by Erik Johnson.
1:25 of 2nd period - Shot by Dustin Penner.
1:25 of 2nd period - Stopped by Evgeni Nabokov without a rebound.
1:26 of 2nd period - Scott Gomez wins face-off versus Matt Cullen in Flames zone.
1:33 of 2nd period - Shot by Dustin Penner.
1:33 of 2nd period - Stopped by Evgeni Nabokov without a rebound.
1:34 of 2nd period - Dan Cleary wins face-off versus Maxim Lapierre in Flames zone.
2:55 of 2nd period - Mikko Koivu is hit by Maxim Lapierre and loses puck.
3:32 of 2nd period - Off-side.
3:33 of 2nd period - Gilbert Brule wins face-off versus Henrik Sedin in neutral zone.
3:48 of 2nd period - Icing by Andy Sutton.
3:49 of 2nd period - Matt Cullen wins face-off versus Mark Recchi in Rangers zone.
4:07 of 2nd period - Mark Recchi is hit by Kristopher Letang.
4:19 of 2nd period - Shot by Matt Cullen.
4:19 of 2nd period - Deflect By Alex Steen.
4:19 of 2nd period - Shot Misses the Net.
4:34 of 2nd period - Icing by Kristopher Letang.
4:35 of 2nd period - Mikko Koivu wins face-off versus Matt Cullen in Flames zone.
4:39 of 2nd period - Dustin Penner is hit by Josh Gorges and loses puck.
5:27 of 2nd period - Shot by Dan Boyle.
5:27 of 2nd period - Shot Misses the Net.
5:29 of 2nd period - Shot by Marco Sturm.
5:29 of 2nd period - Shot Misses the Net.
5:31 of 2nd period - Shot by Henrik Sedin.
5:31 of 2nd period - Stopped by Chris Mason without a rebound.
5:32 of 2nd period - Maxim Lapierre wins face-off versus Gilbert Brule in Rangers zone.
5:32 of 2nd period - Minor Penalty to Christoph Schubert for Charging.
5:33 of 2nd period - Henrik Sedin wins face-off versus Blair Betts in Rangers zone.
5:46 of 2nd period - Shot by Daniel Sedin.
5:46 of 2nd period - Stopped by Chris Mason without a rebound.
5:47 of 2nd period - Blair Betts wins face-off versus Henrik Sedin in Rangers zone.
5:58 of 2nd period - Shot by Mike Weaver.
5:58 of 2nd period - Shot Blocked by Alex Steen.
6:16 of 2nd period - Off-side.
6:17 of 2nd period - Mikko Koivu wins face-off versus Marco Sturm in neutral zone.
7:14 of 2nd period - Shot by Erik Johnson.
7:14 of 2nd period - Stopped by Chris Mason without a rebound.
7:15 of 2nd period - Mikko Koivu wins face-off versus Matt Cullen in Rangers zone.
7:32 of 2nd period - Off-side.
7:33 of 2nd period - Maxim Lapierre wins face-off versus Gilbert Brule in neutral zone.
8:17 of 2nd period - Shot by Henrik Sedin.
8:17 of 2nd period - Shot Misses the Net.
8:20 of 2nd period - Icing by Christoph Schubert.
8:21 of 2nd period - Gilbert Brule wins face-off versus Matt Cullen in Rangers zone.
8:34 of 2nd period - Bill Guerin is hit by Matt Cullen and loses puck.
9:03 of 2nd period - Shot by Mikko Koivu.
9:03 of 2nd period - Stopped by Evgeni Nabokov without a rebound.
9:04 of 2nd period - Scott Gomez wins face-off versus Henrik Sedin in Flames zone.
9:22 of 2nd period - Shot by Teemu Selanne.
9:22 of 2nd period - Shot Blocked by Mark Streit.
9:26 of 2nd period - Shot by Scott Gomez.
9:26 of 2nd period - Goal by Scott Gomez - Flames : 1 - Rangers : 1.
9:27 of 2nd period - Blair Betts wins face-off versus Maxim Lapierre in neutral zone.
9:37 of 2nd period - Erik Johnson is hit by Keith Ballard and loses puck.
9:54 of 2nd period - Shot by Patrick OSullivan.
9:54 of 2nd period - Shot Misses the Net.
10:46 of 2nd period - Shot by Mark Recchi.
10:46 of 2nd period - Deflect By Andrei Kostitsyn.
10:46 of 2nd period - Shot Hit the Post.
10:50 of 2nd period - Shot by Mark Recchi.
10:50 of 2nd period - Stopped by Evgeni Nabokov without a rebound.
10:51 of 2nd period - Teemu Selanne wins face-off versus Matt Cullen in Flames zone.
11:01 of 2nd period - Minor Penalty to Josh Gorges for Hooking.
11:02 of 2nd period - Scott Gomez wins face-off versus Matt Cullen in Flames zone.
11:27 of 2nd period - Shot by Lubomir Visnovsky.
11:27 of 2nd period - Shot Misses the Net.
11:39 of 2nd period - Shot by Lubomir Visnovsky.
11:39 of 2nd period - Shot Misses the Net.
11:41 of 2nd period - Shot by Mike Weaver.
11:41 of 2nd period - Shot Hit the Post.
12:13 of 2nd period - Shot by Dan Cleary.
12:13 of 2nd period - Stopped by Evgeni Nabokov without a rebound.
12:14 of 2nd period - Scott Gomez wins face-off versus Matt Cullen in Flames zone.
13:15 of 2nd period - Shot by Rob Schremp.
13:15 of 2nd period - Shot Blocked by Christoph Schubert.
13:23 of 2nd period - Shot by Matt Cullen.
13:23 of 2nd period - Stopped by Chris Mason without a rebound.
13:24 of 2nd period - Henrik Sedin wins face-off versus Blair Betts in Rangers zone.
13:24 of 2nd period - Henrik Sedin is hit by Keith Ballard.
13:27 of 2nd period - Daniel Sedin is hit by Keith Ballard.
13:45 of 2nd period - Dan Boyle is hit by Evander Kane and loses puck.
14:11 of 2nd period - Off-side.
14:12 of 2nd period - Gilbert Brule wins face-off versus Maxim Lapierre in neutral zone.
14:18 of 2nd period - Mark Recchi is hit by Jack Johnson and loses puck.
14:32 of 2nd period - Shot by Andy Sutton.
14:32 of 2nd period - Stopped by Evgeni Nabokov without a rebound.
14:33 of 2nd period - Scott Gomez wins face-off versus Alex Steen in Flames zone.
14:33 of 2nd period - Scott Gomez is hit by Josh Gorges.
14:35 of 2nd period - Shot by Lubomir Visnovsky.
14:35 of 2nd period - Shot Misses the Net.
14:37 of 2nd period - Shot by Mike Weaver.
14:37 of 2nd period - Shot Misses the Net.
14:39 of 2nd period - Shot by Scott Gomez.
14:39 of 2nd period - Shot Misses the Net.
14:41 of 2nd period - Shot by Teemu Selanne.
14:41 of 2nd period - Stopped by Evgeni Nabokov with a rebound.
14:45 of 2nd period - Shot by Scott Gomez.
14:45 of 2nd period - Deflect By Teemu Selanne.
14:45 of 2nd period - Shot Misses the Net.
15:04 of 2nd period - Alex Steen is hit by Mike Weaver and loses puck.
15:43 of 2nd period - Shot by Marco Sturm.
15:43 of 2nd period - Shot Blocked by Christoph Schubert.
15:45 of 2nd period - Shot by Marco Sturm.
15:45 of 2nd period - Stopped by Chris Mason without a rebound.
15:46 of 2nd period - Evander Kane wins face-off versus Henrik Sedin in Rangers zone.
16:01 of 2nd period - Shot by Daniel Sedin.
16:01 of 2nd period - Shot Misses the Net.
16:15 of 2nd period - Shot by Patrick OSullivan.
16:15 of 2nd period - Shot Blocked by Mark Streit.
16:17 of 2nd period - Shot by Patrick OSullivan.
16:17 of 2nd period - Shot Misses the Net.
16:19 of 2nd period - Shot by Blair Betts.
16:19 of 2nd period - Stopped by Evgeni Nabokov without a rebound.
16:20 of 2nd period - Mikko Koivu wins face-off versus Maxim Lapierre in Flames zone.
16:24 of 2nd period - Icing by Erik Johnson.
16:25 of 2nd period - Owen Nolan wins face-off versus Scott Gomez in Flames zone.
16:36 of 2nd period - Shot by Marco Sturm.
16:36 of 2nd period - Stopped by Chris Mason without a rebound.
16:37 of 2nd period - Matt Cullen wins face-off versus Mikko Koivu in Rangers zone.
16:38 of 2nd period - Shot by Alex Steen.
16:38 of 2nd period - Stopped by Chris Mason without a rebound.
16:39 of 2nd period - Maxim Lapierre wins face-off versus Bill Guerin in Rangers zone.
16:47 of 2nd period - Icing by Keith Ballard.
16:48 of 2nd period - Mikko Koivu wins face-off versus Alex Steen in Rangers zone.
16:56 of 2nd period - Mikko Koivu is hit by Josh Gorges and loses puck.
18:02 of 2nd period - Icing by Mark Streit.
18:03 of 2nd period - Henrik Sedin wins face-off versus Scott Gomez in Flames zone.
18:11 of 2nd period - Shot by Daniel Sedin.
18:11 of 2nd period - Stopped by Chris Mason without a rebound.
18:11 of 2nd period - Minor Penalty to Chris Mason for Slashing.
18:12 of 2nd period - Blair Betts wins face-off versus Matt Cullen in Rangers zone.
18:12 of 2nd period - Blair Betts is hit by Rob Schremp.
18:25 of 2nd period - Icing by Matt Cullen.
18:26 of 2nd period - Matt Cullen wins face-off versus Blair Betts in Flames zone.
18:26 of 2nd period - Matt Cullen is hit by Blair Betts.
18:34 of 2nd period - Shot by Matt Cullen.
18:34 of 2nd period - Shot Blocked by Mike Weaver.
18:36 of 2nd period - Shot by Jack Johnson.
18:36 of 2nd period - Stopped by Chris Mason without a rebound.
18:37 of 2nd period - Mikko Koivu wins face-off versus Henrik Sedin in Rangers zone.
18:52 of 2nd period - Shot by Daniel Sedin.
18:52 of 2nd period - Stopped by Chris Mason without a rebound.
18:53 of 2nd period - Henrik Sedin wins face-off versus Blair Betts in Rangers zone.
19:45 of 2nd period - Off-side.
19:46 of 2nd period - Matt Cullen wins face-off versus Mikko Koivu in neutral zone.
19:53 of 2nd period - Shot by Jack Johnson.
19:53 of 2nd period - Shot Blocked by Trevor Daley.
19:55 of 2nd period - Shot by Rob Schremp.
19:55 of 2nd period - Goal by Rob Schremp - Flames : 2 - Rangers : 1.
19:56 of 2nd period - Gilbert Brule wins face-off versus Maxim Lapierre in neutral zone.

Period #3

0:01 of 3rd period - Mikko Koivu wins face-off versus Henrik Sedin in neutral zone.
0:08 of 3rd period - Shot by Bill Guerin.
0:08 of 3rd period - Stopped by Evgeni Nabokov without a rebound.
0:09 of 3rd period - Matt Cullen wins face-off versus Scott Gomez in Flames zone.
0:35 of 3rd period - Shot by Alex Steen.
0:35 of 3rd period - Stopped by Chris Mason without a rebound.
0:36 of 3rd period - Mikko Koivu wins face-off versus Henrik Sedin in Rangers zone.
0:53 of 3rd period - Icing by Dan Boyle.
0:54 of 3rd period - Henrik Sedin wins face-off versus Gilbert Brule in Flames zone.
1:00 of 3rd period - Off-side.
1:01 of 3rd period - Blair Betts wins face-off versus Maxim Lapierre in neutral zone.
1:18 of 3rd period - Icing by Jack Johnson.
1:19 of 3rd period - Maxim Lapierre wins face-off versus Gilbert Brule in Flames zone.
1:31 of 3rd period - Icing by Andrei Kostitsyn.
1:32 of 3rd period - Matt Cullen wins face-off versus Gilbert Brule in Rangers zone.
1:46 of 3rd period - Shot by Mark Recchi.
1:46 of 3rd period - Shot Misses the Net.
1:53 of 3rd period - Kristopher Letang is hit by Andy Sutton and loses puck.
2:42 of 3rd period - Shot by Dustin Penner.
2:42 of 3rd period - Shot Misses the Net.
2:44 of 3rd period - Shot by Dustin Penner.
2:44 of 3rd period - Shot Misses the Net.
2:46 of 3rd period - Shot by Mikko Koivu.
2:46 of 3rd period - Shot Misses the Net.
2:50 of 3rd period - Shot by Mikko Koivu.
2:50 of 3rd period - Stopped by Evgeni Nabokov without a rebound.
2:51 of 3rd period - Maxim Lapierre wins face-off versus Scott Gomez in Flames zone.
2:59 of 3rd period - Icing by Mike Weaver.
3:00 of 3rd period - Maxim Lapierre wins face-off versus Scott Gomez in Rangers zone.
3:03 of 3rd period - Shot by Owen Nolan.
3:03 of 3rd period - Shot Misses the Net.
3:11 of 3rd period - Marco Sturm is hit by Dan Cleary.
3:21 of 3rd period - Shot by Teemu Selanne.
3:21 of 3rd period - Stopped by Evgeni Nabokov without a rebound.
3:22 of 3rd period - Gilbert Brule wins face-off versus Daniel Sedin in Flames zone.
3:36 of 3rd period - Icing by Mark Recchi.
3:37 of 3rd period - Gilbert Brule wins face-off versus Matt Cullen in Rangers zone.
4:06 of 3rd period - Gilbert Brule is hit by Matt Cullen and loses puck.
4:18 of 3rd period - Off-side.
4:19 of 3rd period - Henrik Sedin wins face-off versus Scott Gomez in neutral zone.
4:40 of 3rd period - Shot by Daniel Sedin.
4:40 of 3rd period - Shot Misses the Net.
4:42 of 3rd period - Shot by Dan Boyle.
4:42 of 3rd period - Shot Blocked by Mike Weaver.
4:58 of 3rd period - Shot by Daniel Sedin.
4:58 of 3rd period - Shot Blocked by Trevor Daley.
5:34 of 3rd period - Shot by Owen Nolan.
5:34 of 3rd period - Deflect By Alex Steen.
5:34 of 3rd period - Stopped by Chris Mason without a rebound.
5:35 of 3rd period - Mikko Koivu wins face-off versus Matt Cullen in Rangers zone.
5:35 of 3rd period - Mikko Koivu is hit by Rob Schremp.
5:44 of 3rd period - Minor Penalty to Josh Gorges for Hooking.
5:45 of 3rd period - Mikko Koivu wins face-off versus Matt Cullen in Flames zone.
5:54 of 3rd period - Shot by Keith Ballard.
5:54 of 3rd period - Shot Blocked by Mark Streit.
5:56 of 3rd period - Shot by Mikko Koivu.
5:56 of 3rd period - Stopped by Evgeni Nabokov without a rebound.
5:57 of 3rd period - Mikko Koivu wins face-off versus Maxim Lapierre in Flames zone.
6:53 of 3rd period - Minor Penalty to Dan Cleary for High sticking.
6:54 of 3rd period - Matt Cullen wins face-off versus Scott Gomez in Rangers zone.
7:45 of 3rd period - Off-side.
7:46 of 3rd period - Mikko Koivu wins face-off versus Henrik Sedin in neutral zone.
7:49 of 3rd period - Mark Streit is hit by Mikko Koivu and loses puck.
8:08 of 3rd period - Shot by Henrik Sedin.
8:08 of 3rd period - Stopped by Chris Mason without a rebound.
8:09 of 3rd period - Alex Steen wins face-off versus Blair Betts in Rangers zone.
8:51 of 3rd period - Icing by Erik Johnson.
8:52 of 3rd period - Blair Betts wins face-off versus Matt Cullen in Flames zone.
9:51 of 3rd period - Icing by Jack Johnson.
9:52 of 3rd period - Blair Betts wins face-off versus Maxim Lapierre in Flames zone.
9:53 of 3rd period - Shot by Evander Kane.
9:53 of 3rd period - Stopped by Evgeni Nabokov without a rebound.
9:54 of 3rd period - Scott Gomez wins face-off versus Matt Cullen in Flames zone.
10:42 of 3rd period - Shot by Marco Sturm.
10:42 of 3rd period - Deflect By Daniel Sedin.
10:42 of 3rd period - Shot Misses the Net.
10:54 of 3rd period - Shot by Daniel Sedin.
10:54 of 3rd period - Stopped by Chris Mason without a rebound.
10:55 of 3rd period - Mikko Koivu wins face-off versus Maxim Lapierre in Rangers zone.
12:02 of 3rd period - Shot by Daniel Sedin.
12:02 of 3rd period - Deflect By Henrik Sedin.
12:02 of 3rd period - Shot Misses the Net.
12:04 of 3rd period - Shot by Daniel Sedin.
12:04 of 3rd period - Stopped by Chris Mason without a rebound.
12:05 of 3rd period - Matt Cullen wins face-off versus Gilbert Brule in Rangers zone.
12:31 of 3rd period - Icing by Kristopher Letang.
12:32 of 3rd period - Blair Betts wins face-off versus Matt Cullen in Flames zone.
12:36 of 3rd period - Patrick OSullivan is hit by Kristopher Letang and loses puck.
12:53 of 3rd period - Alex Steen is hit by Evander Kane and loses puck.
14:00 of 3rd period - Shot by Teemu Selanne.
14:00 of 3rd period - Shot Blocked by Dan Boyle.
14:02 of 3rd period - Shot by Scott Gomez.
14:02 of 3rd period - Stopped by Evgeni Nabokov with a rebound.
14:06 of 3rd period - Shot by Teemu Selanne.
14:06 of 3rd period - Shot Misses the Net.
14:10 of 3rd period - Shot by Dan Cleary.
14:10 of 3rd period - Stopped by Evgeni Nabokov with a rebound.
14:34 of 3rd period - Shot by Dustin Penner.
14:34 of 3rd period - Stopped by Evgeni Nabokov without a rebound.
14:35 of 3rd period - Maxim Lapierre wins face-off versus Blair Betts in Flames zone.
15:05 of 3rd period - Icing by Keith Ballard.
15:06 of 3rd period - Henrik Sedin wins face-off versus Blair Betts in Rangers zone.
15:54 of 3rd period - Andy Sutton is hit by Matt Cullen and loses puck.
16:48 of 3rd period - Shot by Mike Fisher.
16:48 of 3rd period - Shot Misses the Net.
17:10 of 3rd period - Shot by Henrik Sedin.
17:10 of 3rd period - Shot Blocked by Mike Weaver.
17:12 of 3rd period - Shot by Henrik Sedin.
17:12 of 3rd period - Stopped by Chris Mason without a rebound.
17:13 of 3rd period - Teemu Selanne wins face-off versus Owen Nolan in Rangers zone.
17:23 of 3rd period - Shot by Owen Nolan.
17:23 of 3rd period - Shot Blocked by Lubomir Visnovsky.
17:28 of 3rd period - Icing by Mike Weaver.
17:29 of 3rd period - Scott Gomez wins face-off versus Henrik Sedin in Rangers zone.
17:31 of 3rd period - Icing by Teemu Selanne.
17:32 of 3rd period - Henrik Sedin wins face-off versus Scott Gomez in Rangers zone.
17:37 of 3rd period - Shot by Henrik Sedin.
17:37 of 3rd period - Shot Misses the Net.
17:44 of 3rd period - Icing by Scott Gomez.
17:45 of 3rd period - Scott Gomez wins face-off versus Daniel Sedin in Rangers zone.
18:02 of 3rd period - Shot by Scott Gomez.
18:02 of 3rd period - Stopped by Evgeni Nabokov with a rebound.
18:52 of 3rd period - Scott Gomez is hit by Kristopher Letang and loses puck.
19:42 of 3rd period - Rangers, Chris Mason is pulled from the net.


Output by the SimonT Hockey Simulator (STHS) for Stephane Roy -- Original Page W3C XHTML 1.0 Valid